 Dungeon Crawl Stone Soup version 0.22.1-1-ga44c0e5 (webtiles) character file.

672 sking99 the Insei (level 7, -5/61 HPs)
             Began as a Red Draconian Transmuter on Oct 14, 2018.
             Was an Initiate of Ru.
             Slain by a yak (9 damage)
             ... on level 5 of the Dungeon.
             The game lasted 00:13:32 (6933 turns).

sking99 the Insei (Red Draconian Transmuter)        Turns: 6933, Time: 00:13:33

Health: -5/61      AC:  6    Str: 12    XL:     7   Next: 32%
Magic:  10/10      EV: 12    Int: 13    God:    Ru [......]
Gold:   250        SH:  0    Dex: 14    Spells: 7/10 levels left

rFire    + . .     SeeInvis .     - Unarmed
rCold    + . .     Gourm    .   (no shield)
rNeg     . . .     Faith    .   (armour unavailable)
rPois    .         Spirit   .   (helmet restricted)
rElec    .         Reflect  .   (no cloak)
rCorr    .         Harm     .   (no gloves)
MR       +....                  (no boots)
Stlth    +.........             (no amulet)
HPRegen  0.20/turn              o - ring of protection from magic
MPRegen  0.12/turn              t - ring of protection from cold

@: short of breath, appendage
A: breathe fire, unfitting armour, horns 2, fire resistance 1, cold-blooded, AC
+6
a: Breathe Fire, End Transformation, Renounce Religion


You were on level 5 of the Dungeon.
You worshipped Ru.
Ru was noncommittal.
You were hungry.
You had grown temporary horns.
You visited 2 branches of the dungeon, and saw 6 of its levels.

You collected 250 gold pieces.

Inventory:

Missiles
 a - 85 arrows
Jewellery
 o - a ring of protection from magic (left hand)
 t - a ring of protection from cold (right hand)
Scrolls
 b - a scroll of random uselessness {unknown}
 j - a scroll of teleportation
 m - 2 scrolls of remove curse
 q - a scroll of amnesia
Potions
 e - a potion of invisibility
 f - 2 potions of berserk rage
 g - 2 potions of heal wounds
 h - a potion of agility {unknown}
 i - a potion of degeneration {unknown}
 k - 3 potions of curing
 l - a potion of flight {unknown}
 n - 2 potions of ambrosia
 p - a potion of haste {unknown}
 r - a potion of mutation
 s - a potion of resistance {unknown}
Comestibles
 c - 9 rations
 d - a chunk of flesh


   Skills:
 + Level 5.5 Fighting
 - Level 1.8 Dodging
 + Level 5.8 Unarmed Combat
 - Level 2.0 Spellcasting
 - Level 4.0 Transmutations


You had 7 spell levels left.
You knew the following spells:

 Your Spells              Type           Power        Failure   Level  Hunger
a - Beastly Appendage     Tmut           ##....       4%          1    ##.....
b - Sticks to Snakes      Tmut           ##......     8%          2    ###....

Your spell library contained the following spells:

 Spells                   Type           Power        Failure   Level  Hunger
 Spider Form              Tmut/Pois      #.........   32%         3    ####...
 Ice Form                 Ice/Tmut       #.......     73%         4    #####..
 Blade Hands              Tmut           ##........   80%         5    ######.


Dungeon Overview and Level Annotations

Branches:
Dungeon (5/15)             Temple (1/1) D:4

Altars:
Ashenzari
Cheibriados
Dithmenos
Elyvilon
Fedhas
Gozag
Hepliaklqana
Kikubaaqudgha
Makhleb
Nemelex Xobeh
Okawaru
Qazlal
Ru
Vehumet
Wu Jian
Yredelemnul
Zin
The Shining One

Shops:
D:5 *


Innate Abilities, Weirdness & Mutations

You can breathe blasts of fire.
Your fiery red scales are hard. (AC +6)
You cannot fit into any form of body armour.
Your flesh is heat resistant. (rF+)
You are cold-blooded and may be slowed by cold attacks.
You have a pair of horns on your head.


Message History

You tail-slap the yak, but do no damage.
You hit the yak but do no damage.
The yak is moderately wounded.
The yak misses you.
You hit the yak but do no damage.
The yak is moderately wounded.
You are feeling hungry.
The yak closely misses you.
You hit the yak.
The yak is moderately wounded.
The yak barely misses you. The yak gores you!
You hit the yak but do no damage. Your headbutt misses the yak.
Your tail-slap misses the yak.
The yak is moderately wounded.
The yak gores you!
* * * LOW HITPOINT WARNING * * *
The yak gores you!
* * * LOW HITPOINT WARNING * * *
The yak is engulfed in blazing flames.
The yak gores you!
You die...

### #### ##.#
####..#### ##..#
##........#
###..####.........##
.....###...........#
......#............#
###...............## #
##.............####....
##......[....@Y.YYY...
##...........Y######.
##......######
##....### ##..####
#####...# ...#...##
......## #....## ###


You could see 5 yaks.

Vanquished Creatures
  A phantom (D:5)
  2 hounds
  A jelly (D:5)
  2 orc wizards
  A bullfrog skeleton (D:5)
  An iguana (D:5)
  3 worker ants
  A hound zombie (D:4)
  4 gnolls (D:3)
  5 adders
  An adder skeleton (D:5)
  2 worms
  2 dart slugs
  A leopard gecko (D:5)
  9 orcs
  8 bats
  2 giant cockroaches
  9 goblins
  7 hobgoblins
  12 kobolds
  A quokka (D:2)
  A ball python (D:4)
  6 frilled lizards
  9 rats
91 creatures vanquished.

Vanquished Creatures (collateral kills)
  An ogre (D:3)
  An orc priest (D:4)
  An adder (D:4)
  2 orcs (D:4)
5 creatures vanquished.

Grand Total: 96 creatures vanquished

Notes
Turn   | Place    | Note
-------+----------+-------------------------------------------
     0 | D:1      | sking99 the Draconian Transmuter began the quest for the
                  | Orb.
     0 | D:1      | Reached XP level 1. HP: 16/16 MP: 3/3
   234 | D:1      | Reached XP level 2. HP: 23/23 MP: 5/5
  1146 | D:2      | Reached XP level 3. HP: 29/29 MP: 4/6
  1153 | D:2      | Learned a level 2 spell: Sticks to Snakes
  1269 | D:2      | Found a faded altar of an unknown god.
  1853 | D:2      | Found a glowing silver altar of Zin.
  1890 | D:2      | Reached XP level 4. HP: 32/37 MP: 5/7
  2111 | D:2      | Found a blossoming altar of Fedhas.
  2975 | D:3      | Reached XP level 5. HP: 39/45 MP: 6/8
  3496 | D:3      | Found a shadowy altar of Dithmenos.
  3520 | D:3      | Noticed an ogre
  3529 | D:3      | Killed an ogre
  3818 | D:3      | Reached XP level 6. HP: 52/52 MP: 9/9
  4188 | D:4      | Found a staircase to the Ecumenical Temple.
  4197 | Temple   | Entered the Ecumenical Temple
  4431 | D:4      | Found a basalt altar of Yredelemnul.
  4877 | D:4      | Found a sacrificial altar of Ru.
  4877 | D:4      | Found a faded altar of an unknown god.
  4882 | D:4      | Found a glowing golden altar of the Shining One.
  4884 | D:4      | Found a faded altar of an unknown god.
  4886 | D:4      | Found an opulent altar of Gozag.
  4948 | D:4      | Found a white marble altar of Elyvilon.
  5012 | D:4      | Became a worshipper of Ru the Awakened
  5248 | D:4      | Reached skill level 5 in Unarmed Combat
  5890 | D:5      | Entered Level 5 of the Dungeon
  6082 | D:5      | Found Waurph's Assorted Antiques.
  6169 | D:5      | Reached skill level 5 in Fighting
  6169 | D:5      | Your scales start taking on a fiery red colour.
  6169 | D:5      | Reached XP level 7. HP: 24/61 MP: 10/10
  6169 | D:5      | Gained mutation: Your flesh is heat resistant. (rF+) [Red
                  | Draconian growth]
  6857 | D:5      | Found a stormy altar of Qazlal.
  6924 | D:5      | Noticed a yak
  6924 | D:5      | Noticed a yak
  6924 | D:5      | Noticed a yak
  6924 | D:5      | Noticed a yak
  6925 | D:5      | Noticed a yak
  6933 | D:5      | Slain by a yak

Skill      XL: |  1  2  3  4  5  6 |
---------------+-------------------+-----
Fighting       | 2 3 5 |  5.5
Transmutations | 3 4 |  4.0
Unarmed Combat | 4 5 |  5.8
Dodging        | |  1.8
Spellcasting   | |  2.0

Action                   |  1- 3 |  4- 6 |  7- 9 || total
-------------------------+-------+-------+-------++-------
Melee: Unarmed           |   164 |   220 |    33 ||   417
       Tailslap          |    14 |    27 |     8 ||    49
       Kick              |    11 |    14 |       ||    25
       Headbutt          |     2 |     8 |       ||    10
       Punch             |     1 |     4 |     2 ||     7
 Cast: Beastly Appendage |     9 |    21 |     2 ||    32
       Sticks to Snakes  |       |     8 |       ||     8
 Abil: Breathe Fire      |       |       |     2 ||     2
  Use: Scroll            |       |     8 |     3 ||    11
 Stab: Sleeping          |     3 |     1 |     1 ||     5
  Eat: Chunk             |     3 |    11 |     3 ||    17
       Ration            |       |     1 |       ||     1
Armor: Skin              |    55 |    57 |     8 ||   120
Dodge: Dodged            |   120 |   114 |    10 ||   244
